 Dungeon Crawl Stone Soup version 0.29.1-4-g47bece8355 (webtiles) character file.

Game seed: 14485621894879496253

35196 sanboga the Brawler (level 13, -5/106 HPs)
             Began as a Demonspawn Berserker on Dec 9, 2022.
             Was a High Priest of Trog.
             Succumbed to Nessos's poison
             ... on level 12 of the Dungeon.
             The game lasted 00:23:29 (14890 turns).

sanboga the Brawler (Demonspawn Berserker)         Turns: 14890, Time: 00:23:30

Health: -5/106     AC: 33    Str: 32    XL:     13   Next: 46%
Magic:  3/13       EV:  9    Int:  8    God:    Trog [*****.]
Gold:   830        SH:  0    Dex: 13    Spells: 12/12 levels left

rFire   . . .      SeeInvis .     - Unarmed
rCold   + . .      Faith    .   (no shield)
rNeg    . . .      Spirit   +   f - +0 plate armour
rPois   +          Reflect  .   B - +2 hat "Geff" {rPois rC+ Str+3}
rElec   .          Harm     .   (no cloak)
rCorr   .          Rampage  .   x - +2 pair of gloves
Will    .....                   p - +0 pair of boots
Stlth   ..........              u - amulet of guardian spirit
HPRegen 0.27/turn               C - +4 ring of slaying
MPRegen 0.13/turn               y - +6 ring of strength

@: lethally poisoned (-5 -> -37), sanguine armoured, on berserk cooldown,
slowed, very slow
A: powered by death 1, sanguine armour 3, demonic touch 1
a: Renounce Religion, Berserk, Trog's Hand, Brothers in Arms


You were on level 12 of the Dungeon.
You worshipped Trog.
Trog was extremely pleased with you.
You visited 1 branch of the dungeon, and saw 12 of its levels.
You also visited: Sewer, Bailey and Gauntlet.

You collected 830 gold pieces.

Inventory:

Hand Weapons
 m - the +7 Singing Sword {vorpal, sonic wave}
   (You found it on level 4 of the Dungeon)

   It inflicts extra damage upon your enemies.
   It radiates damaging sonic waves as it strikes, especially in combat
   involving dangerous or numerous foes.
Armour
 f - a +0 plate armour (worn)
 p - a +0 pair of boots (worn)
 x - a +2 pair of gloves (worn)
 B - the +2 hat "Geff" (worn) {rPois rC+ Str+3}
   (You found it in a Gauntlet)

   Str:       It affects your strength (+3).
   rC:        It protects you from cold.
   rPois:     It protects you from poison.
Jewellery
 r - a ring of poison resistance
 u - an amulet of guardian spirit (around neck)
 y - a +6 ring of strength (right hand)
 C - a +4 ring of slaying (left hand)
 D - a ring of ice
 F - a ring of fire
Wands
 e - a wand of mindburst (15)
 j - a wand of acid (17)
 l - a wand of polymorph (13)
 w - a wand of flame (22)
 G - a wand of digging (9)
 I - a wand of iceblast (2)
Scrolls
 b - 2 scrolls of fear
 c - 3 scrolls of enchant armour
 i - 4 scrolls of identify
 n - 5 scrolls of teleportation
Potions
 a - a potion of might
 d - 5 potions of mutation
 h - 3 potions of curing
 o - 3 potions of flight
 q - a potion of resistance
 t - 4 potions of heal wounds
 v - 2 potions of invisibility
 z - a potion of berserk rage
 E - a potion of ambrosia


   Skills:
 + Level 11.3 Fighting
 + Level 10.1 Armour
 - Level 2.0 Dodging
 * Level 16.4 Unarmed Combat


You had 12 spell levels left.
You didn't know any spells.
Your spell library was empty.

Dungeon Overview and Level Annotations

Branches:
Dungeon (12/15)            Temple (0/1) D:4            Lair (0/5) D:10
  Sewer (visited)          Bailey (visited)         Gauntlet (visited)
    Orc: D:9-12

Altars:
Dithmenos
Fedhas
Kikubaaqudgha
Nemelex Xobeh
Sif Muna
Uskayaw
Vehumet
Wu Jian
Xom
Yredelemnul

Annotations:
D:12 Nessos


Innate Abilities, Weirdness & Mutations

You regenerate a little health from kills.
When seriously injured, your blood forms very thick armour. (AC +12)
Your touch may inflict minor irresistible damage on your foes.


Message History

You feel a strong urge to attack something.
Nessos shoots an arrow.
The arrow hits you but does no damage.
You are no longer berserk.
You are exhausted.
You feel yourself slow down.
Nessos intently looks at you, slowly moving their tail.
Nessos shoots an arrow.
The arrow hits you. The arrow burns you.
You are poisoned.
Nessos casts a spell.
Nessos blinks!
You feel very sick.
Nessos mumbles some strange words.
Nessos blinks!
Aiming: Corrosive Bolt
Press: ? - help, Shift-Dir - straight line, f - you
Okay, then.
You feel very sick.
Nessos shoots an arrow.
The arrow hits you. The arrow burns you.
You are more poisoned.
Nessos shoots an arrow.
The arrow hits you! The arrow burns you.
Nessos shoots an arrow.
The arrow hits you!
* * * LOW HITPOINT WARNING * * *
The arrow burns you.
You are lethally poisoned!
* * * LOW HITPOINT WARNING * * *
Nessos shoots an arrow.
The arrow hits you.
* * * LOW HITPOINT WARNING * * *
The arrow burns you.
You are more poisoned.
* * * LOW HITPOINT WARNING * * *
Blink to where?
Press: ? - help, Dir - move target
As you read the scroll of blinking, it crumbles to dust.
* * * LOW HITPOINT WARNING * * *
You feel extremely sick.
Nessos mumbles some strange words.
Nessos blinks!
Nessos shoots an arrow.
The arrow hits you but does no damage.
Nessos mumbles some strange words.
Nessos blinks!
You die...

........#).......))......
...####..#...............
.### ##..#..............
## #..#....§....?....
##..#.............
#...#............
#....#...........
#..§............
#.c.....@....[..
#......§........
##.......###....
######### ##.


You could see Nessos (fast).

Vanquished Creatures
  An orc warlord (Bailey)
  A minotaur (Gauntlet)
  A great orb of eyes (D:9)
  Fannar (D:10)
  A boulder beetle (D:9)
  2 hydras
  3 two-headed ogres
  A dancing weapon (D:8)
  A tengu warrior (Gauntlet)
  Urug (D:10)
  2 thrashing horrors (Gauntlet)
  The ghost of Rudyous the Fighter, a novice MiFi of Gozag (D:8)
  An orc knight (Bailey)
  A wizard (D:11)
  Pikel (D:5)
  2 ugly things (D:9)
  6 cyclopes
  A manticore (D:9)
  A shining eye (Gauntlet)
  5 centaur zombies (D:10)
  3 gargoyles
  A tengu conjurer (Gauntlet)
  A freezing wraith (D:9)
  2 meliai
  2 trolls
  3 hornets
  A slime creature (D:9)
  3 vampires
  2 shadows (D:10)
  2 wyverns
  Eustachio (D:4)
  6 wraiths
  6 vampire mosquitoes
  10 yaks
  The ghost of iamoutofideas the Chopper, an amateur HOGl (D:3)
  A steam dragon (D:9)
  Grum (D:10)
  Menkaure (D:7)
  A basilisk (D:11)
  Edmund (D:6)
  Duvessa (D:5)
  2 water moccasins (D:6)
  A floating eye (Gauntlet)
  Pargi (Sewer)
  2 ice beasts
  A black bear (D:6)
  A sky beast (D:7)
  5 orc warriors
  2 wolves (D:10)
  11 centaurs
  4 ogres
  A phantom (D:5)
  3 kobold brigands
  2 small abominations (Gauntlet)
  5 bullfrogs
  A gnoll sergeant (D:9)
  6 scorpions
  Dowan (D:5)
  9 wights
  11 killer bees
  3 howler monkeys
  2 lava snakes (D:10)
  3 hounds
  A jelly (D:4)
  6 orc priests
  2 gnoll boudas
  Ijyb (D:3)
  4 iguanas (D:5)
  14 orc wizards
  14 gnolls
  4 river rats (D:3)
  8 adders
  An ufetubus (D:4)
  7 worms
  2 dart slugs
  18 orcs
  12 ball pythons
  14 bats
  7 endoplasms
  2 giant cockroaches
  6 hobgoblins
  3 jackals (D:1)
  7 quokkas
  5 frilled lizards
  14 goblins
  29 kobolds
  7 rats
  2 butterflies (D:10)
351 creatures vanquished.

Vanquished Creatures (collateral kills)
  A hobgoblin (Bailey)
1 creature vanquished.

Vanquished Creatures (others)
  2 fungi (D:4)
  A withered plant (D:10)
3 creatures vanquished.

Grand Total: 355 creatures vanquished

Notes
Turn   | Place    | Note
-------+----------+-------------------------------------------
     0 | D:1      | sanboga the Demonspawn Berserker began the quest for the
                  | Orb.
     0 | D:1      | Reached XP level 1. HP: 18/18 MP: 1/1
   177 | D:1      | Gained mutation: When seriously injured, your blood forms
                  | armour. (AC +12) [demonic ancestry]
   177 | D:1      | Reached XP level 2. HP: 14/24 MP: 2/2
   349 | D:1      | Reached skill level 3 in Unarmed Combat
  1035 | D:1      | Reached XP level 3. HP: 25/29 MP: 3/3
  1486 | D:2      | Reached ** piety under Trog
  2091 | D:3      | Found a transporter.
  2107 | D:3      | Noticed iamoutofideas's ghost (amateur HOGl)
  2119 | D:3      | Noticed an ogre
  2215 | D:3      | Gained mutation: Your touch may inflict minor irresistible
                  | damage on your foes. [demonic ancestry]
  2215 | D:3      | Reached XP level 4. HP: 29/35 MP: 4/4
  2302 | D:3      | Reached skill level 4 in Unarmed Combat
  2343 | D:3      | Found a glowing drain.
  2348 | Sewer    | Entered a sewer
  2478 | Sewer    | Noticed Pargi
  2490 | Sewer    | Killed Pargi
  2491 | Sewer    | Gained mutation: When seriously injured, your blood forms
                  | thick armour. (AC +12) [demonic ancestry]
  2491 | Sewer    | Reached XP level 5. HP: 25/42 MP: 5/5
  2758 | D:3      | Reached *** piety under Trog
  3146 | D:3      | Noticed Ijyb
  3157 | D:3      | Killed Ijyb
  3158 | D:3      | Reached XP level 6. HP: 11/48 MP: 6/6
  3635 | D:3      | Found a transporter.
  3663 | D:3      | Killed iamoutofideas's ghost
  3664 | D:3      | Reached skill level 5 in Unarmed Combat
  3835 | D:4      | Gained mutation: You regenerate a little health from kills.
                  | [demonic ancestry]
  3835 | D:4      | Reached XP level 7. HP: 30/55 MP: 7/7
  4292 | D:4      | Found a staircase to the Ecumenical Temple.
  4343 | D:4      | Reached skill level 5 in Fighting
  4407 | D:4      | Reached skill level 6 in Unarmed Combat
  4527 | D:4      | Reached XP level 8. HP: 63/63 MP: 8/8
  4531 | D:4      | Found the +7 Singing Sword {vorpal, sonic wave}
  4645 | D:4      | Noticed Eustachio
  4656 | D:4      | Killed Eustachio
  4656 | D:4      | Reached **** piety under Trog
  4901 | D:5      | Entered Level 5 of the Dungeon
  4908 | D:5      | Reached skill level 7 in Unarmed Combat
  5385 | D:5      | Reached skill level 5 in Armour
  5459 | D:5      | Noticed Dowan
  5462 | D:5      | Noticed Duvessa
  5467 | D:5      | Killed Dowan
  5479 | D:5      | Killed Duvessa
  5749 | D:5      | Noticed Pikel
  5761 | D:5      | Killed Pikel
  5762 | D:5      | Reached skill level 8 in Unarmed Combat
  5762 | D:5      | Reached XP level 9. HP: 71/71 MP: 9/9
  6507 | D:6      | Noticed Edmund
  6515 | D:6      | Killed Edmund
  6718 | D:6      | Found a shadowy altar of Dithmenos.
  7314 | D:6      | Reached skill level 9 in Unarmed Combat
  7692 | D:7      | Found a flagged portal.
  7704 | Bailey   | Entered a bailey
  7738 | Bailey   | Noticed an orc warlord
  7847 | Bailey   | Found a runed translucent gate.
  7847 | Bailey   | Found a runed translucent gate.
  7847 | Bailey   | Found a runed translucent gate.
  7894 | Bailey   | Noticed an orc knight
  7902 | Bailey   | Killed an orc knight
  7979 | Bailey   | Killed an orc warlord
  7980 | Bailey   | Reached skill level 10 in Unarmed Combat
  7980 | Bailey   | Reached XP level 10. HP: 25/80 MP: 2/10
  8246 | D:7      | Reached skill level 13 in Unarmed Combat
  8246 | D:7      | Reached XP level 11. HP: 86/86 MP: 9/11
  8465 | D:7      | Noticed Menkaure
  8474 | D:7      | Killed Menkaure
  9439 | D:8      | Reached ***** piety under Trog
  9593 | D:8      | Found a basalt altar of Yredelemnul.
  9770 | D:8      | Found a sparkling altar of Nemelex Xobeh.
  9817 | D:8      | Found a runed translucent door.
  9818 | D:8      | Found a shimmering altar of Xom.
  9818 | D:8      | Noticed Rudyous's ghost (novice MiFi)
  9818 | D:8      | Noticed a +2 mace of chaos
  9978 | D:8      | Killed a +2 mace of chaos
  9985 | D:8      | Killed Rudyous's ghost
  9986 | D:8      | Reached skill level 14 in Unarmed Combat
 10212 | D:9      | Identified the +9 great mace "Peceko" {vorpal, Fly rElec}
 10624 | D:9      | Identified the +3 quarterstaff "Kauwkeme" {flame, Fragile
                  | rPois Dex+8} (Trog gifted it to you on level 9 of the
                  | Dungeon)
 10624 | D:9      | Received a gift from Trog
 10633 | D:9      | Noticed a two-headed ogre
 10646 | D:9      | Killed a two-headed ogre
 10647 | D:9      | Gained mutation: When seriously injured, your blood forms
                  | very thick armour. (AC +12) [demonic ancestry]
 10647 | D:9      | Reached XP level 12. HP: 66/95 MP: 8/12
 10947 | D:9      | Noticed a boulder beetle
 11262 | D:9      | Killed a boulder beetle
 11424 | D:9      | Noticed a seven-headed hydra
 11431 | D:9      | Killed a seven-headed hydra
 11443 | D:9      | Reached skill level 15 in Unarmed Combat
 11830 | D:9      | Noticed a great orb of eyes
 11838 | D:9      | Killed a great orb of eyes
 11839 | D:9      | Reached skill level 10 in Fighting
 11846 | D:9      | Identified the +11 halberd "Hipnick" {antimagic, SInv}
 11853 | D:9      | Paralysed by an orc wizard for 2 turns
 12231 | D:10     | Entered Level 10 of the Dungeon
 12240 | D:10     | Received a gift from Trog
 12402 | D:10     | Noticed Grum
 12418 | D:10     | Killed Grum
 12525 | D:10     | Identified the +7 whip "Neshepn" {vorpal, Drain +Blink rC+
                  | Dex+3}
 12543 | D:10     | Noticed a two-headed ogre
 12550 | D:10     | Noticed Urug
 12552 | D:10     | Killed a two-headed ogre
 12562 | D:10     | Killed Urug
 12772 | D:10     | Found a blossoming altar of Fedhas.
 12809 | D:10     | Reached XP level 13. HP: 70/104 MP: 8/13
 12967 | D:10     | Found an ornate altar of the Wu Jian Council.
 13020 | D:10     | Found a shimmering altar of Xom.
 13076 | D:10     | Found a radiant altar of Vehumet.
 13076 | D:10     | Noticed Fannar
 13084 | D:10     | Killed Fannar
 13096 | D:10     | Found an ancient bone altar of Kikubaaqudgha.
 13097 | D:10     | Found a shimmering blue altar of Sif Muna.
 13116 | D:10     | Found a staircase to the Lair.
 13147 | D:10     | Found a hide-covered altar of Uskayaw.
 13217 | D:11     | Found a gate leading to a gauntlet.
 13231 | Gauntlet | Entered a Gauntlet
 13231 | Gauntlet | Found a transporter.
 13231 | Gauntlet | Found a transporter.
 13248 | Gauntlet | Found a transporter.
 13267 | Gauntlet | Found a transporter.
 13267 | Gauntlet | Found a transporter.
 13269 | Gauntlet | Found a transporter.
 13272 | Gauntlet | Found a transporter.
 13272 | Gauntlet | Found a transporter.
 13290 | Gauntlet | Found a transporter.
 13306 | Gauntlet | Found a transporter.
 13316 | Gauntlet | Found a transporter.
 13331 | Gauntlet | Found a transporter.
 13356 | Gauntlet | Found a transporter.
 13373 | Gauntlet | Found a transporter.
 13409 | Gauntlet | Paralysed by a floating eye for 2 turns
 13435 | Gauntlet | Reached skill level 16 in Unarmed Combat
 13490 | Gauntlet | Identified the +2 hat "Geff" {rPois rC+ Str+3}
 13543 | Gauntlet | Identified the +6 quarterstaff "Killer Klown's Curse"
                  | {chaos, *Noise rElec rPois rCorr}
 13543 | Gauntlet | Noticed a minotaur
 13549 | Gauntlet | Killed a minotaur
 14018 | D:11     | Reached skill level 10 in Armour
 14868 | D:12     | Noticed Nessos
 14889 | D:12     | HP: 4/106 [poisoned by Nessos]
 14890 | D:12     | Succumbed to Nessos's poison

Illustrated notes

Levels and vault maps discovered:
D:1:      dpeg_arrival_arbitrary_b, layout_basic, minmay_misc_feat_four_crosses,
          minmay_tromino_v4_a
D:2:      layout_basic
D:3:      layout_basic, lightli_sewer_entry_pipes, gammafunk_ghost_smash,
          minmay_fractal_squares_gapless_5, uniq_ijyb
D:4:      old_forge, layout_basic, minmay_temple_entry_nine_rooms,
          item_on_display_a, uniq_eustachio
D:5:      layout_basic, nicolae_tso_carved_into_rock, corexii_leaking_fountain,
          kennysheep_nondescript, uniq_duvessa, uniq_pikel
D:6:      layout_basic, mainiacjoe_overflow_24_doors, uniq_edmund
D:7:      layout_gridville, zin_scriptorium, enter_bailey_5, uniq_menkaure
D:8:      layout_rooms, lemuel_crystal_altar,
          mainiacjoe_overflow_surrounded_room, ebering_ghost_xom
D:9:      layout_basic, nicolae_rejected_hall
D:10:     layout_basic, grunt_temple_overflow_magic_moments,
          nicolae_wu_jian_wuxing_cycle, mainiacjoe_overflow_six_doors_small,
          xom_butterflies, nicolae_uskayaw_suspiria, serial_undead,
          serial_undead_d, serial_undead_c, serial_undead_d, serial_undead_b,
          kennysheep_flooded_box, uniq_fannar, uniq_urug, uniq_grum
D:11:     layout_stronghold, gauntlet_entry_generic, minmay_bent
D:12:     layout_layer_cave, minmay_orc_entry_temple_small, uniq_nessos

Skill      XL: |  1  2  3  4  5  6  7  8  9 10 11 12 13 |
---------------+----------------------------------------+-----
Armour         | 2 3 4 5 7 8 9 10 | 10.1
Dodging        | 2 |  2.0
Unarmed Combat | 3 4 5 6 8 10 13 14 15 16 | 16.4
Fighting       | 4 5 6 8 9 10 11 | 11.3

Action                   |  1- 3 |  4- 6 |  7- 9 | 10-12 | 13-15 || total
-------------------------+-------+-------+-------+-------+-------++-------
Melee: Unarmed           |   150 |   148 |   332 |   425 |   101 ||  1156
       Punch             |     2 |    10 |    18 |    36 |     7 ||    73
       Touch             |       |    25 |    64 |    79 |    20 ||   188
Invok: Berserk           |       |     5 |     8 |     6 |     4 ||    23
  Use: Scroll            |     4 |     2 |    10 |     6 |     2 ||    24
       Potion            |       |    10 |       |     1 |       ||    11
 Stab: Sleeping          |     1 |       |       |       |       ||     1
       Distracted        |       |       |     1 |       |       ||     1
Armor: Animal skin       |    11 |       |       |       |       ||    11
       Plate armour      |    73 |    93 |   236 |   349 |   120 ||   871
Dodge: Dodged            |    54 |    54 |    92 |   147 |    53 ||   400
